 Dungeon Crawl Stone Soup version 0.31.0-11-ge490571c62 (webtiles) character file.

Game seed: 7471610492670458367

1435 stipulation the Reanimator (level 8, -2/36 HPs)
             Began as a Vine Stalker Necromancer on Jan 27, 2024.
             Killed from afar by Dowan (20 damage)
             ... with a shard of ice
             ... on level 5 of the Dungeon.
             The game lasted 00:08:16 (5840 turns).

stipulation the Reanimator (VSNe)                   Turns: 5840, Time: 00:08:16

Health: -2/36      AC:  3    Str: 10    XL:     8   Next: 73%
Magic:  0/29       EV: 11    Int: 17    God:
Gold:   246        SH:  0    Dex: 16    Spells: 14/22 levels left

rFire   . . .        q - +0 dagger
rCold   . . .        (no shield)
rNeg    . . .        s - +0 troll leather armour {Pargi}
rPois   .            (no helmet)
rElec   .            (no cloak)
rCorr   .            (no gloves)
SInv    .            (no boots)
Will    +....        (no amulet)
Stlth   ++           p - ring of magical power
HPRegen 1.86/turn    (no ring)
MPRegen 0.21/turn

%: guardian spirit
@: no status effects
A: fangs 3, regeneration 1, magic shield, antimagic bite, no potion heal 2
a: no special abilities


You were on level 5 of the Dungeon.
You visited 1 branch of the dungeon, and saw 5 of its levels.

You collected 246 gold pieces.

Inventory:

Hand Weapons
 q - a +0 dagger (weapon)
Armour
 a - a +0 robe
 s - a +0 troll leather armour (worn) {Pargi}
Jewellery
 h - an amulet of faith
 p - a ring of magical power (left hand)
Wands
 r - a wand of iceblast (11)
Scrolls
 e - 3 scrolls of teleportation
 g - a scroll of enchant weapon {unknown}
 j - 2 scrolls of blinking {unknown}
 k - 2 scrolls of vulnerability {unknown}
 l - a scroll of noise {unknown}
 m - a scroll of brand weapon {unknown}
Potions
 b - 2 potions of magic
 c - 2 potions of curing
 d - a potion of cancellation
 f - a potion of ambrosia {unknown}
 i - a potion of heal wounds
 n - a potion of resistance
 o - 2 potions of degeneration {unknown}


   Skills:
 - Level 1.5 Dodging
 - Level 2.4 Stealth
 + Level 7.7 Spellcasting
 + Level 8.5 Necromancy


You had 14 spell levels left.
You knew the following spells:

 Your Spells              Type           Power      Damage    Failure   Level
a - Necrotise             Necr           100%       1d9       1%          1
b - Vampiric Draining     Necr           35%        2d8       1%          3
c - Animate Dead          Necr           35%        N/A       4%          4

Your spell library contained the following spells:

 Spells                   Type           Power      Damage    Failure   Level
 Curse of Agony           Necr           35%        N/A       12%         5


Dungeon Overview and Level Annotations

Branches:
Dungeon (5/15)
 Temple: D:4-7

Altars:
Ashenzari
Gozag
Kikubaaqudgha
Nemelex Xobeh
Okawaru

Annotations:
D:3 1 runed translucent door, Sirjeffry24's ghost, amateur DsFi
D:4 Grinder
D:5 Dowan


Innate Abilities, Weirdness & Mutations

You have razor-sharp teeth.
Your natural rate of healing is unusually fast.
When hurt, damage is shared between your health and your magic reserves.
Your bite disrupts and absorbs the magic of your enemies.
Potions cannot restore your health.


Message History

Dowan mumbles some strange words.
Dowan blinks!
Dowan casts a spell.
Dowan blinks!
Dowan writhes in agony.
Things that are here:
a +0 short sword; a +0 ring mail; the elf corpse of Duvessa Dowan gestures wildly while chanting.
Dowan blinks!
Dowan writhes in agony.
Dowan gestures at you while chanting. The shard of ice hits you!!
Ouch! That really hurt!
You are too injured to fight recklessly!
You are too injured to fight recklessly!
Dowan casts a spell at you. The stone arrow hits you!
* * * LOW HITPOINT WARNING * * *
There is a large open door, spattered with blood here.
Dowan gestures wildly while chanting.
Dowan blinks!
There is a large open door here.
You start resting.
Dowan is nearby!
You hit Dowan but do no damage. Your bite misses Dowan.
Dowan is severely wounded.
Dowan hits you but does no damage.
You hit Dowan.
Dowan is severely wounded.
Dowan hits you with a +0 dagger.
Dowan mumbles some strange words.
Dowan blinks!
Dowan closely misses you.
You closely miss Dowan.
Dowan is severely wounded.
Dowan closely misses you. Dowan casts a spell at you.
The shard of ice hits you!!
Ouch! That really hurt!
You die...

###############
#.....##..e...# ######
#...).##.@....#
.....###..e..##......#
.....'.'....e''......+
.....###.....##......#
......##.....##......#
###...##.....#########
###...######## ...####
...#


You could see Dowan (fast).

Vanquished Creatures
  Eustachio (D:4)
  Duvessa (D:5)
  Edmund (D:5)
  Pargi (D:4)
  A centaur (D:5)
  2 phantoms
  Blork the orc (D:4)
  2 scorpions (D:4)
  A bombardier beetle (D:4)
  3 hounds
  A gnoll bouda (D:5)
  Natasha (D:2)
  An iguana (D:5)
  3 orc wizards (D:5)
  8 gnolls
  12 adders
  4 ribbon worms
  3 dart slugs
  9 orcs
  13 endoplasms
  2 giant cockroaches
  3 goblins
  4 hobgoblins
  2 quokkas
  7 ball pythons
  3 bats (D:3)
  3 frilled lizards (D:2)
  7 kobolds
  5 rats
105 creatures vanquished.

Vanquished Creatures (collateral kills)
  Natasha (D:2)
  A ball python (D:2)
  A kobold (D:2)
3 creatures vanquished.

Grand Total: 108 creatures vanquished

Notes
Turn   | Place    | Note
-------+----------+-------------------------------------------
     0 | D:1      | stipulation the Vine Stalker Necromancer began the quest
                  | for the Orb.
     0 | D:1      | Reached XP level 1. HP: 9/9 MP: 4/4
   324 | D:1      | Reached XP level 2. HP: 13/13 MP: 2/6
   893 | D:1      | Reached XP level 3. HP: 16/16 MP: 2/8
  1219 | D:1      | Learned a level 3 spell: Vampiric Draining
  1263 | D:2      | Found a faded altar of an unknown god.
  1298 | D:1      | Reached XP level 4. HP: 6/21 MP: 5/10
  1368 | D:2      | Noticed Natasha
  1379 | D:2      | Killed Natasha
  1380 | D:2      | Reached skill level 5 in Necromancy
  1533 | D:2      | Noticed Natasha
  1544 | D:2      | Killed Natasha
  1545 | D:2      | Reached XP level 5. HP: 21/24 MP: 1/11
  2500 | D:3      | Found a sparkling altar of Nemelex Xobeh.
  2577 | D:3      | Found an ancient bone altar of Kikubaaqudgha.
  3135 | D:3      | Found a runed translucent door.
  3148 | D:3      | Noticed Sirjeffry24's ghost (amateur DsFi)
  3276 | D:3      | Found an iron altar of Okawaru.
  3288 | D:3      | Reached XP level 6. HP: 28/28 MP: 6/13
  3670 | D:4      | Noticed Grinder
  4001 | D:4      | Noticed Blork the orc
  4013 | D:4      | Killed Blork the orc
  4014 | D:4      | Reached skill level 5 in Spellcasting
  4014 | D:4      | Reached skill level 6 in Necromancy
  4157 | D:4      | Reached XP level 7. HP: 32/32 MP: 16/16
  4205 | D:4      | Noticed Eustachio
  4214 | D:4      | Killed Eustachio
  4389 | D:4      | Found a broken altar of Ashenzari.
  4398 | D:4      | Noticed Pargi
  4415 | D:4      | Killed Pargi
  4416 | D:4      | Reached skill level 7 in Necromancy
  4578 | D:4      | Found an opulent altar of Gozag.
  4872 | D:4      | Paralysed by Grinder for 3 turns
  4887 | D:4      | Paralysed by Grinder for 4 turns
  4894 | D:4      | Paralysed by Grinder for 2 turns
  4909 | D:4      | Paralysed by Grinder for 3 turns
  4917 | D:4      | Paralysed by Grinder for 2 turns
  5032 | D:5      | Entered Level 5 of the Dungeon
  5071 | D:4      | Gained mutation: You have razor-sharp teeth. [Vine Stalker
                  | growth]
  5071 | D:4      | Reached XP level 8. HP: 36/36 MP: 18/18
  5153 | D:5      | Learned a level 4 spell: Animate Dead
  5542 | D:5      | Reached skill level 8 in Necromancy
  5574 | D:5      | Noticed Edmund
  5580 | D:5      | Killed Edmund
  5806 | D:5      | Noticed Duvessa
  5806 | D:5      | Noticed Dowan
  5820 | D:5      | Killed Duvessa
  5840 | D:5      | Killed from afar by Dowan

Illustrated notes

Levels and vault maps discovered:
D:1:      eino_arrival_tree_alley, layout_loops_corners,
          nicolae_kite_square_tiling_tiny, minmay_pentomino_w4
D:2:      layout_loops_ring, hellmonk_ecumenical_altar_run_dry, chequers_garden,
          uniq_natasha
D:3:      layout_loops_ring, mainiacjoe_overflow_six_doors_small,
          mainiacjoe_overflow_surrounded_room, okawaru_metal_pillars_1_2,
          ebering_ghost_sewer_d, grunt_ministairs_3, dreamdust_princess_bridge
D:4:      layout_basic, ashenzari_altar_1, overflow_temple_1_default,
          uniq_grinder, uniq_pargi, uniq_blork_the_orc, uniq_eustachio
D:5:      layout_basic, serial_shops, shop, uniq_duvessa, uniq_edmund

Skill      XL: |  1  2  3  4  5  6  7  8 |
---------------+-------------------------+-----
Spellcasting   | 3 4 5 6 7 |  7.7
Necromancy     | 5 6 7 8 |  8.5
Dodging        | |  1.5
Stealth        | |  2.4

Action                     |  1- 3 |  4- 6 |  7- 9 || total
---------------------------+-------+-------+-------++-------
  Melee: Unarmed           |    16 |    12 |       ||    28
         Bite              |     6 |     4 |    30 ||    40
         Punch             |     1 |       |     1 ||     2
         Dagger            |       |     2 |   102 ||   104
   Cast: Necrotise         |    49 |   121 |    75 ||   245
         Vampiric Draining |       |     9 |    25 ||    34
    Use: Scroll            |       |     5 |       ||     5
 Armour: Robe              |    11 |    47 |    20 ||    78
         Troll leather arm |       |       |   105 ||   105
  Dodge: Dodged            |    19 |    31 |    87 ||   137
